 Dungeon Crawl Stone Soup version 0.20-a0-893-g832831a (webtiles) character file.

19 Eptagon the Skirmisher (level 2, 0/21 HPs)
             Began as an Octopode Fighter on Mar 18, 2017.
             Slain by a jackal (3 damage)
             ... on level 1 of the Dungeon.
             The game lasted 00:00:57 (752 turns).

Eptagon the Skirmisher (Octopode Fighter)            Turns: 752, Time: 00:00:57

Health: 0/21       AC:  1    Str: 15    XL:     2   Next: 75%
Magic:  2/2        EV: 11    Int: 10    God:
Gold:   39         SH:  8    Dex: 11    Spells: 1/1 levels left

rFire    . . .     SeeInvis .     - Unarmed
rCold    . . .     Gourm    .   a - +0 shield
rNeg     . . .     Faith    .   (helmet restricted)
rPois    .         Spirit   .   (no amulet)
rElec    .         Reflect  .   (no ring)
rCorr    .         Harm     .   (no ring)
MR       .....                  (no ring)
Stlth    ++........             (no ring)
Regen    0.1/turn               (no ring)
MPRegen  0.1/turn               (no ring)
                                (no ring)
                                (no ring)

@: no status effects
A: almost no armour, stealthy swim, amphibious, 8 rings, constrict 8, camouflage
1, gelatinous body 1
a: no special abilities


You were on level 1 of the Dungeon.
You were not hungry.

You visited 1 branch of the dungeon, and saw 2 of its levels.

You collected 39 gold pieces.

Inventory:

Armour
 a - a +0 shield (worn)
Scrolls
 d - 2 scrolls of amnesia {unknown}
 e - a scroll of recharging {unknown}
 g - a scroll of blinking {unknown}
 i - a scroll of teleportation {unknown}
 j - a scroll of identify {unknown}
Potions
 b - 2 potions of might
 f - a potion of curing {unknown}
 l - a potion of agility {unknown}
Comestibles
 c - a bread ration
 h - a royal jelly
 k - a fruit


   Skills:
 + Level 3.3 Fighting
 - Level 3.0 Dodging
 - Level 3.0 Shields
 * Level 2.8 Unarmed Combat


You had one spell level left.
You didn't know any spells.

Dungeon Overview and Level Annotations

Branches:
Dungeon (2/15)

Altars:


Innate Abilities, Weirdness & Mutations

You cannot wear most types of armour.
You are very stealthy in the water. (Stealth+)
You are amphibious.
You can wear up to eight rings at the same time.
You can use your tentacles to constrict eight enemies at once.
Your skin changes colour to match your surroundings (Stealth+).
Your rubbery body absorbs attacks. (AC +1, EV +1)


Message History

Your shield prevents you from hitting the goblin.
Your grab misses the goblin. Your squeeze misses the goblin.
The goblin hits you with a dagger.
You are too injured to fight recklessly!
You are too injured to fight recklessly!
The jackal bites you. The goblin hits you with a dagger.
You climb upwards.
There is a stone staircase leading down here.
The jackal closely misses you. The goblin barely misses you.
The jackal bites you.
You closely miss the jackal. You grab the jackal. You constrict the jackal.
The jackal bites you.
* * * LOW HITPOINT WARNING * * *
You tentacle-slap the jackal but do no damage.
The jackal is moderately wounded.
You constrict the jackal. The jackal bites you.
* * * LOW HITPOINT WARNING * * *
The jackal bites you.
You die...

#.####............# #.#
#.####..####.# ######.##
#....#..####.# #.......#
#)##.......... #.####>.#
#.####..#..#.#
#.##....###.####..#..#.#
#.##.##g##.........)รท...
#.##.##h##.......###.##.
#......@##.......###.##.
###..#####.........#....
#.## #.......#.####. #.#
#.......#.##... #.#
#.......#.##... #.#
#########.##... #.#
######## #.###.. #.#
#......# #.###.# #.#
#.####.###......


You could see a jackal and a goblin.

Vanquished Creatures
  A dart slug (D:1)
  A giant cockroach (D:1)
  6 goblins (D:1)
  A hobgoblin (D:1)
  A jackal (D:2)
  2 frilled lizards (D:1)
  3 kobolds (D:1)
  A rat (D:1)
16 creatures vanquished.

Notes
Turn   | Place    | Note
-------+----------+-------------------------------------------
     0 | D:1      | Eptagon the Octopode Fighter began the quest for the Orb.
     0 | D:1      | Reached XP level 1. HP: 16/16 MP: 1/1
    49 | D:1      | Reached XP level 2. HP: 18/21 MP: 2/2
   752 | D:1      | Slain by a jackal

Vault maps used:
D:1:      lightli_arrival_maybe_door_vault, kennysheep_boxes
D:2:      old_standard_altar

Action                   || total
-------------------------++-------
Melee: Unarmed           ||    33
       Constrict         ||     9
       Tentacles         ||     3
       Punch             ||     1
 Stab: Sleeping          ||     4
Armor: Skin              ||     2
Dodge: Dodged            ||    13
Block: Shield            ||     5
